 Dungeon Crawl Stone Soup version 0.27-a0-1144-g0b7d3b79db (webtiles) character file.

Game seed: 2483163406519896831

798 leviel the Chopper (level 7, -9/62 HPs)
             Began as a Minotaur Fighter on May 11, 2021.
             Mangled by an ogre
             ... wielding a +0 giant club
              (15 damage)
             ... on level 4 of the Dungeon.
             The game lasted 00:03:45 (4456 turns).

leviel the Chopper (Minotaur Fighter)               Turns: 4456, Time: 00:03:45

Health: -9/62      AC:  7    Str: 22    XL:     7   Next: 58%
Magic:  6/6        EV:  8    Int:  5    God:
Gold:   264        SH: 10    Dex: 10    Spells: 6/6 levels left

rFire    . . .     SeeInvis .   a - +0 war axe
rCold    . . .     Faith    .   c - +0 kite shield
rNeg     . . .     Spirit   .   b - +0 scale mail
rPois    .         Reflect  .   (helmet restricted)
rElec    .         Harm     .   (no cloak)
rCorr    .         Rampage  .   (no gloves)
Will     .....                  (no boots)
Stlth    ..........             (no amulet)
HPRegen  0.20/turn              (no ring)
MPRegen  0.10/turn              (no ring)

@: hasted, very quick
A: horns 2, retaliatory headbutt
a: no special abilities


You were on level 4 of the Dungeon.
You visited 1 branch of the dungeon, and saw 5 of its levels.

You collected 264 gold pieces.

Inventory:

Hand Weapons
 a - a +0 war axe (weapon)
Armour
 b - a +0 scale mail (worn)
 c - a +0 kite shield (worn)
Jewellery
 h - a ring of protection from fire
 n - a +6 ring of dexterity
 o - a ring of positive energy
 u - a ring of protection from fire
Scrolls
 e - a scroll of enchant weapon {unknown}
 f - 2 scrolls of magic mapping {unknown}
 g - 7 scrolls of identify {unknown}
 i - 3 scrolls of brand weapon {unknown}
 k - 3 scrolls of teleportation {unknown}
 l - a scroll of fog {unknown}
 r - 2 scrolls of amnesia {unknown}
 s - a scroll of torment {unknown}
 t - a scroll of holy word {unknown}
 v - 2 scrolls of immolation {unknown}
 w - a scroll of vulnerability {unknown}
Potions
 d - a potion of heal wounds {unknown}
 m - a potion of resistance {unknown}
 p - a potion of curing {unknown}
 q - a potion of berserk rage {unknown}
 x - a potion of attraction {unknown}


   Skills:
 + Level 5.8 Fighting
 * Level 6.8 Axes
 + Level 5.8 Armour
 + Level 5.8 Shields


You had 6 spell levels left.
You didn't know any spells.
Your spell library contained the following spells:

 Spells                   Type           Power      Damage    Failure   Level
 Animate Skeleton         Necr           0%         N/A       99%         1
 Apportation              Tloc           0%         N/A       99%         1
 Corona                   Hex            0%         N/A       99%         1
 Summon Small Mammal      Summ           0%         N/A       99%         1
 Slow                     Hex            0%         N/A       100%        2
 Confusing Touch          Hex            0%         N/A       100%        3
 Gell's Gravitas          Tloc           0%         N/A       100%        3
 Inner Flame              Hex/Fire       0%         N/A       100%        3
 Portal Projectile        Hex/Tloc       0%         N/A       100%        3
 Cause Fear               Hex            0%         N/A       100%        4
 Leda's Liquefaction      Hex/Erth       0%         N/A       100%        4
 Petrify                  Tmut/Erth      0%         N/A       100%        4
 Metabolic Englaciation   Hex/Ice        0%         N/A       100%        5
 Yara's Violent Unravell  Hex/Tmut       0%         3d3       100%        5


Dungeon Overview and Level Annotations

Branches:
Dungeon (5/15)
 Temple: D:4-7

Altars:
Kikubaaqudgha


Innate Abilities, Weirdness & Mutations

You have a pair of horns on your head.
You reflexively headbutt those who attack you in melee.


Message History

You block the gnoll's attack.
You barely miss the gnoll.
The gnoll is lightly wounded.
The gnoll hits you but does no damage. The gnoll barely misses you.
You closely miss the gnoll.
The gnoll is lightly wounded.
The gnoll barely misses you. You furiously retaliate!
You headbutt the gnoll, but do no damage.
You hit the gnoll.
The gnoll is moderately wounded.
The gnoll hits you but does no damage. x2
You barely miss the gnoll. You headbutt the gnoll!
You kill the gnoll!
Things that are here:
a +0 club; a gnoll corpse Unknown command.
There is a stone staircase leading down here.
You climb downwards.
The gnoll barely misses you. You furiously retaliate!
You headbutt the gnoll. You block the gnoll's attack.
You block the gnoll sergeant's attack. The ogre hits you with a +0 giant club!
The gnoll barely misses you.
There is a stone staircase leading up here.
You block the gnoll's attack.
The gnoll sergeant hits you with a +0 spear!
You block the gnoll's attack.
The ogre hits you with a +0 giant club!!
* * * LOW HITPOINT WARNING * * *
You climb upwards.
There is a stone staircase leading down here.
It was a potion of haste.
You feel yourself speed up. You block the gnoll's attack.
The gnoll sergeant hits you with a +0 spear.
* * * LOW HITPOINT WARNING * * *
The gnoll barely misses you.
You barely miss the ogre. You headbutt the ogre.
The ogre is moderately wounded.
You barely miss the gnoll sergeant. You barely miss the gnoll.
You hit the gnoll. The gnoll closely misses you.
The ogre hits you with a +0 giant club!
You die...

#..............#.# ###..####.
#..............#.### ##......
#..............#...# ##.....#.
####..............###.###....#...
#.................###.#...#....##
#.................[..........#.##
#.)†.............#####.......#...
#..........#...#gg...#...........
#......#####.#.#@O...............
#.....## #.#.g####............#
#.....# ##.##.####.............
#.....# #..##...##.............
#.....# #.#####.##.#...........
####### ##.#####....#..##...#).#
##.....#...........(....#
#####.......................#
#.....................#..#.[.


You could see an ogre, a gnoll sergeant and 2 gnolls.

Vanquished Creatures
  3 ogres (D:5)
  A gnoll sergeant (D:5)
  2 centaur skeletons
  4 hounds
  An iguana (D:5)
  A scorpion zombie (D:5)
  11 gnolls
  6 adders
  2 ufetubi (D:5)
  4 worms
  A dart slug (D:2)
  7 orcs
  5 ball pythons
  3 bats
  5 endoplasms
  7 giant cockroaches
  3 goblins
  8 hobgoblins
  5 jackals
  5 kobolds
  4 quokkas
  3 frilled lizards
  5 rats
96 creatures vanquished.

Notes
Turn   | Place    | Note
-------+----------+-------------------------------------------
     0 | D:1      | leviel the Minotaur Fighter began the quest for the Orb.
     0 | D:1      | Reached XP level 1. HP: 19/19 MP: 0/0
   287 | D:1      | Reached XP level 2. HP: 16/27 MP: 1/1
   895 | D:1      | Reached skill level 3 in Axes
   990 | D:1      | Found a faded altar of an unknown god.
  1014 | D:2      | Reached XP level 3. HP: 30/33 MP: 2/2
  1780 | D:2      | Reached XP level 4. HP: 40/40 MP: 3/3
  2144 | D:3      | Found an ancient bone altar of Kikubaaqudgha.
  2271 | D:3      | Reached skill level 4 in Axes
  2590 | D:3      | Reached XP level 5. HP: 44/47 MP: 4/4
  2940 | D:4      | Identified the +1 robe "Zilumyli" {Slay+2}
  3330 | D:5      | Entered Level 5 of the Dungeon
  3381 | D:5      | Reached skill level 5 in Axes
  3399 | D:5      | Reached XP level 6. HP: 50/55 MP: 5/5
  3411 | D:5      | Reached skill level 5 in Fighting
  3412 | D:5      | Reached skill level 5 in Armour
  3412 | D:5      | Reached skill level 5 in Shields
  3971 | D:5      | Reached skill level 6 in Axes
  3971 | D:5      | Reached XP level 7. HP: 54/61 MP: 6/6
  4456 | D:4      | Mangled by an ogre

Illustrated notes

Levels and vault maps discovered:
D:1:      saegor_arrival_simple_a, layout_rooms, basic_ecumenical_altar,
          kennysheep_pointless_box, minmay_bisected
D:2:      layout_loops_corners, minmay_split_cup_small
D:3:      layout_basic, lemuel_doored_altar
D:4:      layout_rooms, fountainhead
D:5:      layout_cave_pools, minmay_temple_entry_ruins,
          hangedman_minor_gate_pass

Skill      XL: |  1  2  3  4  5  6 |
---------------+-------------------+-----
Axes           | 3 4 5 6 |  6.8
Fighting       | 4 5 |  5.8
Armour         | 4 5 |  5.8
Shields        | 4 5 |  5.8

Action                   |  1- 3 |  4- 6 |  7- 9 || total
-------------------------+-------+-------+-------++-------
Melee: War axe           |    80 |   140 |    28 ||   248
       Headbutt          |    10 |    19 |     5 ||    34
  Use: Potion            |       |     1 |     1 ||     2
Armor: Scale mail        |    44 |    61 |    20 ||   125
Dodge: Dodged            |    21 |    40 |    16 ||    77
Block: Kite shield       |    55 |    87 |    29 ||   171

Table legend: (Time is in decaauts)
 A = Elapsed time spent in this place.
 B = Non-inter-level travel time spent in this place.
 C = Inter-level travel time spent in this place.
 D = Time resting spent in this place.
 E = Time spent auto-exploring this place.
 F = Levels seen in this place.
 G = Mean time per level.
                   A        B        C        D        E       F      G
               +--------+--------+--------+--------+--------+-----+--------+
         Total |   4582 |   4513 |     69 |    420 |   3444 |   5 |  916.4 |
       Dungeon |   4582 |   4513 |     69 |    420 |   3444 |   5 |  916.4 |
               +--------+--------+--------+--------+--------+-----+--------+

Top non-repeatable levels by time:
     D:2: 1077 daAuts
     D:1: 1034 daAuts
     D:5: 976 daAuts
     D:3: 768 daAuts
     D:4: 725 daAuts
